 Dungeon Crawl Stone Soup version 0.25.1-2-g60ff931df9 (webtiles) character file.

Game seed: 10023041131031411179

24 DogServant the Insei (level 3, -1/27 HPs)
             Began as a Merfolk Transmuter on Oct 22, 2020.
             Slain by an orc
             ... wielding a +0 whip
              (2 damage)
             ... on level 4 of the Dungeon.
             The game lasted 00:01:50 (1218 turns).

DogServant the Insei (Merfolk Transmuter)           Turns: 1218, Time: 00:01:50

Health: -1/27      AC:  2    Str:  8 (11) XL:     3   Next: 2%
Magic:  5/6        EV: 17    Int: 10 (12) God:
Gold:   34         SH:  0    Dex: 12 (14) Spells: 5/6 levels left

rFire    . . .     SeeInvis .     - Unarmed
rCold    . . .     Gourm    .   (no shield)
rNeg     . . .     Faith    .   b - +0 robe
rPois    .         Spirit   .   (no helmet)
rElec    .         Reflect  .   (no cloak)
rCorr    +         Harm     .   (no gloves)
MR       .....                  (no boots)
Stlth    +.........             (no amulet)
HPRegen  0.09/turn              l - +4 ring of evasion
MPRegen  0.10/turn              i - ring of resist corrosion

@: appendage
A: change form in water, swift swim, stealthy swim, horns 2
a: End Transformation


You were on level 4 of the Dungeon.
You were not hungry.
You had grown temporary horns.
You visited 1 branch of the dungeon, and saw 3 of its levels.

You collected 34 gold pieces.

Inventory:

Missiles
 a - 69 arrows
 e - 19 poisoned darts (quivered)
Armour
 b - a +0 robe (worn)
Jewellery
 i - a ring of resist corrosion (right hand)
 l - a +4 ring of evasion (left hand)
Comestibles
 d - 2 rations


   Skills:
 + Level 1.7 Fighting
 - Level 2.6 Dodging
 * Level 4.0 Unarmed Combat
 - Level 2.0 Spellcasting
 + Level 3.2 Transmutations


You had 5 spell levels left.
You knew the following spells:

 Your Spells              Type           Power        Failure   Level  Hunger
a - Beastly Appendage     Tmut           #.....       9%          1    ##.....

Your spell library contained the following spells:

 Spells                   Type           Power        Failure   Level  Hunger
 Sticks to Snakes         Tmut           #.......     13%         2    ###....
 Spider Form              Tmut/Pois      #.........   43%         3    ####...
 Ice Form                 Ice/Tmut       #.......     85%         4    #####..
 Blade Hands              Tmut           #.........   93%         5    ######.


Dungeon Overview and Level Annotations

Branches:
Dungeon (2/15)

Altars:
Hepliaklqana


Innate Abilities, Weirdness & Mutations

You revert to your normal form in water.
You are very nimble and swift while swimming.
You are very stealthy in the water. (Stealth+)
You have a pair of horns on your head.


Message History

The orc wizard closely misses you.
You aren't carrying any potions.
As you read the scroll labeled ZEGACULIWK, it crumbles to dust.
You feel blessed for a moment.
It was a scroll of remove curse.
The orc barely misses you. The orc wizard misses you.
As you read the scroll labeled CEMUPO SEOCYSTEUNT, it crumbles to dust.
It is a scroll of amnesia.
Really abort (and waste the scroll)?
Okay, then.
The orc hits you but does no damage. The orc misses you.
The orc wizard hits you but does no damage.
As you read the scroll labeled YZIEMI GATYR, it crumbles to dust.
It is a scroll of enchant weapon.
You aren't carrying any weapons that can be enchanted.
The orc barely misses you. The orc misses you.
The orc wizard barely misses you.
You aren't carrying any potions.
You aren't carrying any scrolls.
The orc hits you with a +0 whip.
You die...

######
....#
#...#
#...#
#@..#
#o..#
#.oo#
#.....
#.....#
#.....#
#...#.#
#####.#
..


You could see an orc wizard and 2 orcs.

Vanquished Creatures
  3 dart slugs (D:1)
  2 giant cockroaches (D:1)
  A goblin (D:1)
  2 hobgoblins
  4 frilled lizards
  3 kobolds
  4 rats (D:1)
19 creatures vanquished.

Notes
Turn   | Place    | Note
-------+----------+-------------------------------------------
     0 | D:1      | DogServant the Merfolk Transmuter began the quest for the
                  | Orb.
     0 | D:1      | Reached XP level 1. HP: 15/15 MP: 3/3
   257 | D:1      | Reached XP level 2. HP: 21/21 MP: 3/5
  1022 | D:2      | Found a hazy altar of Hepliaklqana.
  1156 | D:2      | Reached skill level 4 in Unarmed Combat
  1156 | D:2      | Reached XP level 3. HP: 27/27 MP: 3/6
  1182 | D:2      | You fall into a shaft and drop 2 floors!
  1214 | D:4      | HP: 1/27 [orc/+0 whip (3)]
  1218 | D:4      | Slain by an orc

Illustrated notes

Levels and vault maps discovered:
D:1:      evilmike_arrival_rings, layout_basic, minmay_crystal_water,
          st_stairs_11, minivault_11
D:2:      minmay_spotlight, layout_basic, nicolae_overflow_hidden_temple,
          uniq_natasha
D:4:      layout_basic, nicolae_dithmenos_the_darkroom,
          minmay_temple_entry_sparse_star, uniq_menkaure

Skill      XL: |  1  2 |
---------------+-------+-----
Transmutations | 3 |  3.2
Unarmed Combat | 4 |  4.0
Fighting       | |  1.7
Dodging        | |  2.6
Spellcasting   | |  2.0

Action                   || total
-------------------------++-------
Melee: Unarmed           ||    50
       Headbutt          ||     7
 Cast: Beastly Appendage ||    16
  Use: Scroll            ||     4
       Potion            ||     2
 Stab: Sleeping          ||     1
  Eat: Chunk             ||     1
Armor: Robe              ||     3
Dodge: Dodged            ||    37
